 Dungeon Crawl Stone Soup version 0.30.1-3-gfc49f6343a (webtiles) character file.

Game seed: 11426655093650238445

371 cdecastro the Grasshopper (level 6, -2/51 HPs)
             Began as an Armataur Warper on July 26, 2023.
             Slain by a hornet (13 damage)
             ... on level 4 of the Dungeon.
             The game lasted 00:08:24 (3828 turns).

cdecastro the Grasshopper (Armataur Warper)         Turns: 3828, Time: 00:08:24

Health: -2/51      AC:  4    Str: 18    XL:     6   Next: 42%
Magic:  8/8        EV:  9    Int: 14    God:
Gold:   212        SH:  0    Dex:  9    Spells: 3/8 levels left

rFire   . . .        n - +1 short sword (venom)
rCold   . . .        (no shield)
rNeg    . . .        b - +0 leather armour
rPois   .            (no helmet)
rElec   .            (no cloak)
rCorr   .            (no gloves)
SInv    .            (no barding)
Will    .....        (no amulet) Stlth
                     (no ring)
HPRegen 0.28/turn    (no ring)
MPRegen 0.11/turn

%: roll
@: confused, ambrosia-drunk
A: large, rugged brown scales 3, deformed body, armoured tail, roll, long
tongue, awkward tongue
a: no special abilities


You were on level 4 of the Dungeon.
You visited 1 branch of the dungeon, and saw 5 of its levels.

You collected 212 gold pieces.

Inventory:

Hand Weapons
 a - a +0 mace
 n - a +1 short sword of venom (weapon)
 u - a +0 mace of protection
Missiles
 d - 7 boomerangs of dispersal (quivered)
 h - 6 silver javelins
 j - 12 poisoned darts
 v - 3 silver boomerangs
Armour
 b - a +0 leather armour (worn)
 c - a +0 helmet
Scrolls
 e - 5 scrolls of identify {unknown}
 f - 2 scrolls of amnesia {unknown}
 k - a scroll of butterflies {unknown}
 l - 2 scrolls of teleportation {unknown}
 m - 2 scrolls of enchant armour {unknown}
 o - a scroll of immolation {unknown}
 r - a scroll of fog {unknown}
 t - a scroll of enchant weapon {unknown}
Potions
 i - a potion of degeneration {unknown}
 p - a potion of curing {unknown}
 s - a potion of mutation {unknown}


   Skills:
 - Level 1.7 Fighting
 - Level 1.7 Maces & Flails
 - Level 0.8 Throwing
 - Level 1.2 Armour
 - Level 1.3 Dodging
 - Level 1.7 Spellcasting
 + Level 7.3 Translocations


You had 3 spell levels left.
You knew the following spells:

 Your Spells              Type           Power      Damage    Failure   Level
a - Blink                 Tloc           42%        N/A       2%          2
b - Teleport Other        Tloc           21%        N/A       4%          3

Your spell library contained the following spells:

 Spells                   Type           Power      Damage    Failure   Level
 Apportation              Tloc           42%        N/A       1%          1
 Lesser Beckoning         Tloc           42%        N/A       2%          2
 Vhi's Electric Charge    Tloc/Air       22%        N/A       19%         3
 Volatile Blastmotes      Fire/Tloc      22%        2d11      19%         3
 Necrotise                Necr           4%         1d4       28%         1
 Summon Small Mammal      Summ           4%         N/A       28%         1
 Ensorcelled Hibernation  Hex/Ice        2%         N/A       41%         2
 Passwall                 Tmut/Erth      0%         N/A       41%         2
 Dazzling Flash           Conj/Hex       2%         N/A       65%         3
 Swiftness                Air            1%         N/A       65%         3
 Manifold Assault         Tloc           21%        N/A       14%         4
 Iskenderun's Mystic Bla  Conj/Tloc      11%        2d4       54%         4
 Arcjolt                  Conj/Air       0%         1d10      100%        5
 Plasma Beam              Fire/Air       0%         2x1d11    100%        6
 Starburst                Conj/Fire      0%         6d3       100%        6


Dungeon Overview and Level Annotations

Branches:
Dungeon (5/15)
 Temple: D:4-7

Altars:

Annotations:
D:4 hornet, ogre


Innate Abilities, Weirdness & Mutations

You are completely covered in rugged brown scales. (AC +3, +7% HP)
Armour fits poorly on your strangely shaped body.
You have a long armoured tail.
You roll when moving toward enemies. (Rampage)
Your long tongue fully drains potion bottles. (2x potion effects)
Your tongue gives you trouble enunciating. (1.5x scroll delay)


Message History

There is a stone staircase leading up, spattered with blood here.
Unknown command.
Casting: Teleport Other (dangerous; 4% risk of failure)
Confirm with . or Enter, or press ? or * to list all spells.
Aiming: Teleport Other (dangerous; 4% risk of failure)
Press: ? - help, Shift-Dir - straight line, f - hornet
Aim: a hornet (chance to affect: 51%)
The hornet resists with significant effort.
You feel very sick. The hornet stings you!
* * * LOW HITPOINT WARNING * * *
You feel as though you will be slow longer.
The hornet stings you.
* * * LOW HITPOINT WARNING * * *
You suddenly lose the ability to move!
The hornet stings you.
* * * LOW HITPOINT WARNING * * *
You feel as though you will be slow longer.
You can move again.
Okay, then.
Unknown command.
Unknown command.
Unknown command.
Casting: Teleport Other (dangerous; 4% risk of failure)
Confirm with . or Enter, or press ? or * to list all spells.
You blink.
You feel sick.
Casting: Blink (safe; 2% risk of failure)
Confirm with . or Enter, or press ? or * to list all spells.
You are still too unstable to blink.
You feel sick. The hornet closely misses you.
The hornet attacks as you move away! The hornet closely misses you.
You feel sick. The hornet closely misses you.
It was a potion of ambrosia.
You are confused.
You feel invigorated.
You slurp down every last drop of the potion of ambrosia!
You feel yourself speed up.
You feel stable enough to blink again.
You feel sick.
You are no longer poisoned.
The hornet stings you!
You die...

#.# #.##..#.####.# #.#
#.##†.#.# #####.#
#.##<.#.# .# #...#.#
#.##....# .# #.....#
#.##...### .#
###...#####.##.....###.#.#
....#....##.##..#..##..#.#
.#######.......##y.#...#.#
....#....##.....@........#
#.#.#.###########........#
#.#.#.# #.......##
#.#...##### #...#...## #
#.##......# #...##.## ##
#.#######.# #.#.##.# ##.
#.# #.# #.#.##.# ####.#
#.# #.# ##.#.##.# #..).#
#.##### #.#####.....#.#
#.##.#


You could see a hornet.

Vanquished Creatures
  A scorpion (D:4)
  A killer bee (D:3)
  A hound (D:4)
  A sleepcap (D:3)
  An iguana (D:4)
  Terence (D:2)
  Robin (D:2)
  2 adders (D:2)
  2 worms (D:2)
  5 dart slugs
  8 orcs
  12 ball pythons
  4 endoplasms
  4 giant cockroaches
  16 goblins
  8 hobgoblins
  6 jackals
  3 quokkas
  6 bats
  7 frilled lizards
  6 kobolds
  7 rats
103 creatures vanquished.

Notes
Turn   | Place    | Note
-------+----------+-------------------------------------------
     0 | D:1      | cdecastro the Armataur Warper began the quest for the Orb.
     0 | D:1      | Reached XP level 1. HP: 18/18 MP: 3/3
   101 | D:1      | Reached XP level 2. HP: 25/25 MP: 4/4
   319 | D:1      | Reached skill level 4 in Translocations
   439 | D:1      | Reached XP level 3. HP: 31/31 MP: 5/5
  1374 | D:2      | Noticed Terence
  1382 | D:2      | Killed Terence
  1383 | D:2      | Reached skill level 5 in Translocations
  1383 | D:2      | Reached XP level 4. HP: 13/38 MP: 6/6
  1398 | D:2      | Learned a level 2 spell: Blink
  1402 | D:2      | Learned a level 3 spell: Teleport Other
  1625 | D:2      | Noticed Robin
  1870 | D:2      | Killed Robin
  2154 | D:3      | Found a faded altar of an unknown god.
  2216 | D:3      | Reached XP level 5. HP: 41/43 MP: 7/7
  2727 | D:4      | Reached skill level 6 in Translocations
  3108 | D:4      | Noticed an ogre
  3310 | D:4      | Noticed a hornet
  3355 | D:5      | Entered Level 5 of the Dungeon
  3364 | D:4      | Reached XP level 6. HP: 46/51 MP: 5/8
  3624 | D:3      | Reached skill level 7 in Translocations
  3824 | D:4      | Paralysed by a hornet for 1 turns
  3828 | D:4      | Slain by a hornet

Illustrated notes

Levels and vault maps discovered:
D:1:      sevenhm_arrival_forest_fort_small_4, layout_basic, minmay_hexomino_f4
D:2:      layout_basic, hex_large, minmay_misc_feat_rows, uniq_terence,
          uniq_robin
D:3:      layout_rooms, nicolae_ecumenical_pavilion
D:4:      layout_loops_ring, serial_shops, shop
D:5:      layout_basic, serial_shops, nicolae_shop_tiny_statue_garden,
          minmay_starry_boxes, uniq_blork_the_orc, uniq_edmund,
          uniq_prince_ribbit1, uniq_ijyb

Skill      XL: |  1  2  3  4  5  6 |
---------------+-------------------+-----
Translocations | 4 5 6 7 |  7.3
Fighting       | |  1.7
Maces & Flails | |  1.7
Throwing       | |  0.8
Armour         | |  1.2
Dodging        | |  1.3
Spellcasting   | |  1.7

Action                     |  1- 3 |  4- 6 || total
---------------------------+-------+-------++-------
  Melee: Mace              |   110 |       ||   110
         Tailslap          |    17 |    27 ||    44
         Punch             |     1 |     2 ||     3
         Short sword       |     6 |   207 ||   213
   Cast: Teleport Other    |       |     5 ||     5
         Blink             |       |     1 ||     1
    Use: Scroll            |       |     2 ||     2
         Potion            |       |     1 ||     1
 Armour: Leather armour    |    64 |    66 ||   130
  Dodge: Dodged            |    61 |    89 ||   150
